 Dungeon Crawl Stone Soup version 0.26-a0-113-gd8a95b691d (webtiles) character file.

Game seed: 12944344001064007055

5 Gargoyl the Skirmisher (level 1, -2/19 HPs)
             Began as a Centaur Abyssal Knight on June 27, 2020.
             Was a Follower of Lugonu.
             Slain by an ufetubus (3 damage)
             ... summoned by a ynoxinul
             ... on level 1 of the Abyss.
             The game lasted 00:00:28 (141 turns).

Gargoyl the Skirmisher (Centaur Abyssal Knight)      Turns: 141, Time: 00:00:28

Health: -2/19      AC:  4    Str: 14    XL:     1   Next: 66%
Magic:  2/2        EV:  9    Int: 11    God:    Lugonu [*.....]
Gold:   6          SH:  0    Dex:  8    Spells: 0/0 levels left

rFire    . . .     SeeInvis .   a - +1 hand axe
rCold    . . .     Faith    .   (no shield)
rNeg     . . .     Spirit   .   b - +0 leather armour
rPois    .         Reflect  .   (no helmet)
rElec    .         Harm     .   (no cloak)
rCorr    .                      (no gloves)
MR       .....                  (no barding)
Stlth    ..........             (no amulet)
HPRegen  0.06/turn              (no ring)
MPRegen  0.08/turn              (no ring)

@: very quick
A: large, hooves 3, deformed body, speed 2, tough skin 3
a: Depart the Abyss, Renounce Religion


You were on level 1 of the Abyss.
You worshipped Lugonu.
Lugonu was aware of your devotion.
You were not hungry.

You visited 0 branches of the dungeon, and saw 0 of its levels.
You visited the Abyss 1 time.

You collected 6 gold pieces.

Inventory:

Hand Weapons
 a - a +1 hand axe (weapon)
Armour
 b - a +0 leather armour (worn)
Scrolls
 d - a scroll of remove curse
Comestibles
 c - 2 rations


   Skills:
 + Level 3.2 Fighting
 + Level 1.9 Axes
 + Level 1.4 Armour
 + Level 0.6 Dodging
 + Level 2.0 Invocations


You couldn't memorise any spells.
You didn't know any spells.
Your spell library was empty.

Dungeon Overview and Level Annotations

Branches:
Dungeon (0/15)

Altars:


Innate Abilities, Weirdness & Mutations

You have hooves in place of feet.
Armour fits poorly on your strangely shaped body.
You cover ground very quickly.
You have extremely tough skin. (AC +3)


Message History

The ufetubus closely misses you. The ufetubus barely misses you.
The ufetubus hits you. x2
The ufetubus hits you but does no damage.
The ufetubus hits you.
* * * LOW HITPOINT WARNING * * *
Unknown command.
A large abomination comes into view.
Unknown command.
The ufetubus closely misses you. The ufetubus barely misses you.
The large abomination closely misses you.
A quicksilver dragon skeleton comes into view.
Found 14 stones.
Found a cloak and 12 arrows.
The ufetubus disappears in a puff of smoke!
Found a gateway leading deeper into the Abyss.
The ufetubus hits you.
* * * LOW HITPOINT WARNING * * *
The ufetubus hits you but does no damage.
The ufetubus hits you.
You die...

. ......................
.. x..................(..
...............5.........
.... ##......##.5....##.
..3. ##......##x.X.Z.##..
................5........
..... .........55........
.. ............55.......
.. .. ..........@........
.......[.....(..
................
....##......##.. ....
#...>..# .. ... .........
.. .......... ...........


You could see a large abomination, a small abomination, 7 ufetubi and a
quicksilver dragon skeleton.

Vanquished Creatures
  An ufetubus (Abyss:1)
1 creature vanquished.

Notes
Turn   | Place    | Note
-------+----------+-------------------------------------------
     0 | Abyss:1  | Gargoyl the Centaur Abyssal Knight began the quest for the
                  | Orb.
     0 | Abyss:1  | Reached XP level 1. HP: 19/19 MP: 2/2
    30 | Abyss:1  | Found a corrupted altar of Lugonu.
    33 | Abyss:1  | Found a shadowy altar of Dithmenos.
    94 | Abyss:1  | Noticed a small abomination
   108 | Abyss:1  | Noticed a small abomination
   109 | Abyss:1  | Noticed a ynoxinul
   128 | Abyss:1  | Noticed a large abomination
   128 | Abyss:1  | Noticed a small abomination
   134 | Abyss:1  | Noticed a quicksilver dragon skeleton
   141 | Abyss:1  | Slain by an ufetubus

Illustrated notes

Levels and vault maps discovered:
Abyss:1:  guppyfry_abyss_exit_glass_guarded

Action                   || total
-------------------------++-------
Melee: Hand axe          ||     4
  Use: Potion            ||     2
       Scroll            ||     1
Armor: Leather armour    ||     7
Dodge: Dodged            ||    13

Table legend:
 A = Non-vault XP
 B = Vault XP
 C = Vault XP percentage of total XP
 D = Non-vault monster count
 E = Vault monster count
 F = Vault count percentage of total count
                 A         B        C        D         E       F
            +---------+---------+-------+---------+---------+-------
      Total |       8 |       0 |   0.0 |       1 |       0 |   0.0
            +---------+---------+-------+---------+---------+-------
    Abyss:1 |       8 |       0 |   0.0 |       1 |       0 |   0.0
            +---------+---------+-------+---------+---------+-------
